 Dungeon Crawl Stone Soup version 0.18.1-8-gdd0e5ea (console) character file.

5557 Kloppie the Spear-Bearer (level 10, -3/85 HPs)
             Began as a Merfolk Gladiator on June 8, 2016.
             Was a High Priest of Okawaru.
             Slain by a mana viper (12 damage)
             ... summoned by GordonOverkill's ghost
             ... in a volcano.
             The game lasted 00:16:55 (8276 turns).

Kloppie the Spear-Bearer (Merfolk Gladiator)        Turns: 8276, Time: 00:16:56

Health: -3/85      AC:  9    Str: 21    XL:     10   Next: 71%
Magic:  0/10       EV: 27    Int: 13    God:    Okawaru [*****.]
Gold:   611        SH:  0    Dex: 22    Spells: 0 memorised, 9 levels left

rFire  . . .     SeeInvis .     a - +2 trident (pierce)
rCold  . . .     Gourm    .     I - +0 ring mail of Pride {rN+ rCorr} (curse)
rNeg   + . .     Faith    .     (no shield)
rPois  .         Spirit   +     c - +1 helmet
rElec  .         Dismiss  .     (no cloak)
rCorr  +         Reflect  .     u - +1 pair of gloves
SustAt .         Harm     .     (no boots)
MR     .....                    l - amulet of guardian spirit
Stlth  ++........               (no ring)
                                d - +5 ring of intelligence

@: mighty, agile, drained, not resistant to hostile enchantments, unstealthy
A: change form in water, swift swim
a: Heroism, Finesse, Renounce Religion


You were in a volcano.
You worshipped Okawaru.
Okawaru was extremely pleased with you.
You were not hungry.

You visited 3 branches of the dungeon, and saw 11 of its levels.
You also visited: Volcano.

You collected 611 gold pieces.

Inventory:

Hand Weapons
 a - a +2 trident of piercing (weapon)
 b - a +0 halberd of flaming
 w - a +4 glaive of flaming
Missiles
 p - a throwing net (quivered)
 r - 4 javelins
Armour
 c - a +1 helmet (worn)
 u - a +1 pair of gloves (worn)
 I - the cursed +0 ring mail of Pride (worn) {rN+ rCorr}
   (You found it on level 8 of the Dungeon)

   It protects you from negative energy.
   It protects you from acid and corrosion.
   It has a curse placed upon it.
Jewellery
 d - a +5 ring of intelligence (left hand)
 l - an amulet of guardian spirit (around neck)
 H - an uncursed amulet of dismissal
Wands
 y - a wand of polymorph (23/24)
 z - a wand of iceblast (7/15)
Scrolls
 e - 10 scrolls of identify
 i - 3 scrolls of magic mapping
 k - 3 scrolls of remove curse
 o - 4 scrolls of enchant armour
 x - 3 scrolls of amnesia
 A - 2 scrolls of blinking
 E - 4 scrolls of teleportation
 G - a scroll of enchant weapon
Potions
 h - 2 potions of curing
 j - a potion of might
 q - 2 potions of haste
 t - a potion of lignification
 B - a potion of mutation
 C - a potion of ambrosia
 D - a potion of brilliance
Comestibles
 f - 7 bread rations
 g - a royal jelly
 m - 2 beef jerkies
 n - a meat ration
 F - 15 fruits
 K - a slice of pizza


   Skills:
 + Level 10.0(9.6) Fighting
 + Level 13.0(12.6) Polearms
 - Level 2.0(1.6) Throwing
 - Level 12.3(11.9) Dodging
 + Level 0.2(0.0) Invocations


You had 9 spell levels left.
You didn't know any spells.

Dungeon Overview and Level Annotations

Branches:
Dungeon (8/15)             Temple (1/1) D:4            Lair (2/8) D:8

Altars:
Ashenzari
Cheibriados
Dithmenos
Elyvilon
Fedhas
Kikubaaqudgha
Makhleb
Nemelex Xobeh
Okawaru
Pakellas
Qazlal
Ru
Sif Muna
Trog
Vehumet
Xom
Yredelemnul
Zin
The Shining One

Annotations:
D:3 Dickchan's ghost, weakling MfGl Volcano GordonOverkill's ghost, journeyman DrFE


Message History

You hear an angry hiss.
You puncture GordonOverkill's ghost!
GordonOverkill's ghost is severely damaged.
You are engulfed in noxious fumes.
You choke on the stench!
You are confused.
* * * LOW HITPOINT WARNING * * *
The mana viper completely misses you. The mana viper closely misses you.
You are engulfed in noxious fumes.
GordonOverkill's ghost says, "Death is but another step down the path of knowledge."
GordonOverkill's ghost hits you.
* * * LOW HITPOINT WARNING * * *
The mana viper bites you but does no damage.
You closely miss GordonOverkill's ghost.
GordonOverkill's ghost is severely damaged.
The air gets thick with the scent of sulphur.
You are engulfed in noxious fumes.
* * * LOW HITPOINT WARNING * * *
You feel less confused. The mana viper completely misses you.
The mana viper bites you!
You die...

###§....≈§§§§≈§≈§§
#.......§§§§§≈≈§≈≈
#......§§§≈§§§§≈≈§
##.....≈≈§§§≈§≈§≈§
##.........§≈≈§≈≈≈
#...........≈≈≈§≈§§
###.........≈≈§§≈§§
#..........SW.≈≈≈§≈§
##.........S@..≈.§§
####.....§§§....§§§
#.............§≈≈
####..........§§§
#####.........
###....... .......
.###### ##


You could see 2 mana vipers and GordonOverkill's ghost.

Vanquished Creatures
  Pikel (D:8)
  A faun (Lair:1)
  An ugly thing (D:8)
  3 spiny frogs (Lair:1)
  A komodo dragon (Lair:1)
  A hippogriff (D:8)
  A basilisk (Lair:1)
  A water moccasin (Lair:1)
  3 porcupines (Lair:1)
  2 sky beasts
  A black bear (Lair:1)
  3 wolves (Lair:1)
  3 slaves (D:8)
  A phantom (D:5)
  2 ogres
  3 centaurs
  A crocodile (Lair:1)
  4 giant frogs
  3 scorpions
  4 wights (D:6)
  2 howler monkeys
  2 crimson imps
  A giant frog zombie (D:6)
  A jelly (D:7)
  An orc priest (D:6)
  A hound (D:4)
  5 iguanas
  Terence (D:2)
  An orc wizard (D:5)
  3 worker ants
  8 sheep (Lair:1)
  Robin (D:4)
  4 gnolls (D:5)
  11 adders
  An adder zombie (D:8)
  2 adder skeletons (D:7)
  3 worms
  2 dart slugs (D:2)
  9 orcs
  8 bats
  5 giant cockroaches
  8 hobgoblins
  9 jackals
  A quokka (D:2)
  A ball python (D:3)
  7 giant newts
  18 goblins
  4 kobolds
  6 rats
  A fungus (D:5)
167 creatures vanquished.

Vanquished Creatures (others)
  A scorpion (D:8)
  A hound (D:8)
  3 fungi (D:5)
5 creatures vanquished.

Grand Total: 172 creatures vanquished

Notes
Turn   | Place    | Note
--------------------------------------------------------------
     0 | D:1      | Kloppie the Merfolk Gladiator began the quest for the Orb.
     0 | D:1      | Reached XP level 1. HP: 16/16 MP: 1/1
   203 | D:1      | Reached XP level 2. HP: 23/23 MP: 2/2
   681 | D:2      | Noticed Terence
   703 | D:2      | Killed Terence
   703 | D:2      | Reached XP level 3. HP: 3/29 MP: 3/3
  1038 | D:2      | Reached skill level 5 in Polearms
  1038 | D:2      | Reached skill level 5 in Dodging
  1118 | D:2      | Reached XP level 4. HP: 24/35 MP: 4/4
  1355 | D:2      | Found a glowing golden altar of the Shining One.
  1811 | D:3      | Found a sacrificial altar of Ru.
  1818 | D:3      | Reached XP level 5. HP: 41/41 MP: 5/5
  2031 | D:3      | Reached skill level 6 in Polearms
  2057 | D:3      | Noticed Dickchan's ghost (weakling MfGl)
  2176 | D:4      | Found a staircase to the Ecumenical Temple.
  2199 | D:4      | Reached XP level 6. HP: 19/48 MP: 6/6
  2414 | Temple   | Entered the Ecumenical Temple
  2423 | Temple   | Became a worshipper of Warmaster Okawaru
  2845 | D:4      | Noticed Robin
  2937 | D:4      | Killed Robin
  3340 | D:4      | Reached skill level 7 in Polearms
  3340 | D:4      | Reached XP level 7. HP: 47/55 MP: 7/7
  3380 | D:4      | Reached skill level 5 in Fighting
  3426 | D:5      | Entered Level 5 of the Dungeon
  3746 | D:5      | Found a shattered altar of Ashenzari.
  3823 | D:5      | Reached * piety under Okawaru
  4295 | D:5      | Reached skill level 8 in Polearms
  4442 | D:6      | Reached XP level 8. HP: 63/64 MP: 8/8
  5008 | D:6      | Reached skill level 9 in Polearms
  5022 | D:6      | Reached ** piety under Okawaru
  5310 | D:7      | Found a bloodstained altar of Trog.
  5692 | D:8      | Got a twisted ring mail
  5703 | D:8      | Identified the cursed +0 ring mail of Pride {rN+ rCorr} (You found it on level 8 of the Dungeon)
  5829 | D:8      | Noticed Pikel
  5910 | D:8      | Killed Pikel
  5910 | D:8      | Reached skill level 10 in Polearms
  5910 | D:8      | Reached skill level 10 in Dodging
  5910 | D:8      | Reached XP level 9. HP: 59/73 MP: 6/9
  5968 | D:8      | Reached *** piety under Okawaru
  6066 | D:8      | Noticed a purple ugly thing
  6079 | D:8      | Killed a purple ugly thing
  6131 | D:8      | Found a staircase to the Lair.
  6220 | D:8      | Reached skill level 11 in Polearms
  6453 | D:8      | Found a shattered altar of Ashenzari.
  6537 | Lair:1   | Entered Level 1 of the Lair of Beasts
  6546 | Lair:1   | Noticed a komodo dragon
  6563 | Lair:1   | Killed a komodo dragon
  6593 | Lair:1   | Noticed a spiny frog
  6603 | Lair:1   | Killed a spiny frog
  6603 | Lair:1   | Reached **** piety under Okawaru
  6603 | Lair:1   | Reached XP level 10. HP: 58/82 MP: 8/10
  6743 | Lair:1   | Noticed a spiny frog
  6906 | Lair:1   | Killed a spiny frog
  6906 | Lair:1   | Reached skill level 12 in Polearms
  6987 | Lair:1   | Noticed a spiny frog
  7009 | Lair:1   | Killed a spiny frog
  7009 | Lair:1   | Reached ***** piety under Okawaru
  7276 | Lair:1   | Noticed a faun
  7318 | Lair:1   | Killed a faun
  7318 | Lair:1   | Received a gift from Okawaru
  7859 | Lair:1   | Reached skill level 13 in Polearms
  7861 | Lair:1   | Reached skill level 10 in Fighting
  8198 | Lair:2   | Found a dark tunnel.
  8205 | Volcano  | Entered a volcano
  8229 | Volcano  | Noticed GordonOverkill's ghost (journeyman DrFE)
  8266 | Volcano  | Noticed a mana viper
  8266 | Volcano  | Noticed a mana viper
  8270 | Volcano  | HP: 3/85 [mana viper[GordonOverkill's ghost] (4)]
  8276 | Volcano  | Slain by a mana viper

Skill      XL: |  1  2  3  4  5  6  7  8  9 10 |
---------------+-------------------------------+-----
Fighting       | 3 4 5 7 8 10 | 10.0
Polearms       | 5 6 7 8 10 11 13 | 13.0
Dodging        | 5 6 8 10 11 12 | 12.3
Throwing       | |  2.0
Invocations    | |  0.2

Action                   |  1- 3 |  4- 6 |  7- 9 | 10-12 || total
-------------------------+-------+-------+-------+-------++-------
Melee: Trident           |    78 |   224 |   332 |   188 ||   822
Throw: Throwing net      |     4 |     2 |       |       ||     6
  Use: Scroll            |       |     9 |    13 |     1 ||    23
       Potion            |       |       |       |     4 ||     4
 Stab: Held in net/web   |     5 |     2 |       |       ||     7
       Sleeping          |       |     1 |       |       ||     1
  Eat: Chunk             |     1 |     7 |    10 |     1 ||    19
       Meat ration       |       |       |       |     1 ||     1
Armor: Leather armour    |    14 |    38 |       |       ||    52
       Scale mail        |       |    11 |    58 |       ||    69
       Ring mail         |       |       |    14 |    26 ||    40
Dodge: Dodged            |    36 |   149 |   153 |   105 ||   443
